 Dungeon Crawl Stone Soup version 0.30.1-9-gdf580d7c3d (webtiles) character file.

Game seed: 14346147818456552426

284 eliilek the Shield-Bearer (level 6, -7/53 HPs)
             Began as a Minotaur Fighter on Sept 29, 2023.
             Was a Believer of Jiyva.
             Mangled by an orc warrior
             ... wielding a +3 battleaxe of electrocution
              (16 damage)
             ... on level 4 of the Dungeon on Oct 1, 2023.
             The game lasted 00:11:28 (2488 turns).

eliilek the Shield-Bearer (Minotaur Fighter)        Turns: 2488, Time: 00:11:28

Health: -7/53      AC: 10    Str: 25    XL:     6   Next: 7%
Magic:  5/5        EV: 23    Int:  5    God:    Jiyva [**....]
Gold:   76         SH:  5    Dex: 12    Spells: 5/5 levels left

rFire   . . .        a - +2 hammer "Qaokice" {drain, Str+5}
rCold   . . .        c - +0 buckler
rNeg    . . .        n - +0 chain mail
rPois   .            (helmet restricted)
rElec   .            o - +0 cloak
rCorr   +            (no gloves)
SInv    .            (no boots)
Will    .....        j - amulet of the acrobat Stlth
                     (no ring)
HPRegen 1.24/turn    (no ring)
MPRegen 0.39/turn

%: acrobat
@: acrobatic
A: horns 2, retaliatory headbutt
a: Renounce Religion


You were on level 4 of the Dungeon.
You worshipped Jiyva.
Jiyva was pleased with you.
You visited 1 branch of the dungeon, and saw 4 of its levels.

You collected 76 gold pieces.

Inventory:

Hand Weapons
 a - the +2 hammer "Qaokice" (weapon) {drain, Str+5}
   (You found it on level 2 of the Dungeon)

   Str:       It affects your strength (+5).
 b - a +0 sling
Missiles
 e - 3 poisoned darts (quivered)
Armour
 c - a +0 buckler (worn)
 n - a +0 chain mail (worn)
 o - a +0 cloak (worn)
Jewellery
 j - an amulet of the acrobat (around neck)
Wands
 d - a wand of flame (5)
 m - a wand of polymorph (12)
Scrolls
 f - 2 scrolls of summoning {unknown}
 i - 2 scrolls of identify {unknown}
 l - a scroll of blinking {unknown}
Potions
 g - a potion of curing {unknown}
 h - 2 potions of haste {unknown}
 k - a potion of lignification {unknown}
 p - a potion of brilliance {unknown}
 q - a potion of ambrosia {unknown}


   Skills:
 + Level 4.6 Fighting
 * Level 4.5 Maces & Flails
 + Level 2.2 Ranged Weapons
 + Level 4.5 Armour
 * Level 5.3 Shields


You had 5 spell levels left.
You didn't know any spells.
Your spell library contained the following spells:

 Spells                   Type           Power      Damage    Failure   Level
 Static Discharge         Conj/Air       0%         2-2/arc   99%         2
 Airstrike                Air            0%         2d(0-16)  100%        4
 Summon Lightning Spire   Summ/Air       0%         N/A       100%        4


Dungeon Overview and Level Annotations

Branches:
Dungeon (4/15)             Temple (0/1) D:4

Altars:
Jiyva


Innate Abilities, Weirdness & Mutations

You have a pair of horns on your head.
You reflexively headbutt those who attack you in melee.


Message History

You kill the ball python!
You see here a +0 cloak.
You hear a distant slurping noise.
There is a stone staircase leading down here.
There is a stone staircase leading up here.
Okay, then.
You hit the ogre. You drain the ogre. You headbutt the ogre.
You kill the ogre!
Your Ranged Weapons skill increases to level 2!
You have reached level 6!
You see here a +0 giant club.
b - a +0 sling (weapon)
Okay, then.
HP restored.
Things that are here:
a +0 club; an orc corpse An orc comes into view.
It is wielding a +0 whip.
The orc shouts!
You hear a shout! x4
An orc warrior comes into view.
It is wielding a +3 battleaxe of electrocution.
An orc comes into view. It is wielding a +0 club.
You feel stronger.
You sense an unholy aura.
a - the +2 hammer "Qaokice" (weapon)
{drain, Str+5} The orc closely misses you.
You sock the orc!
You kill the orc!
An orc comes into view. It is wielding a +0 dagger.
You thump the orc warrior!
The orc warrior is moderately wounded.
The orc warrior hits you with a +3 battleaxe of electrocution!
You are electrocuted!
The orc warrior attacks as you move away!
The orc warrior hits you with a +3 battleaxe of electrocution.
The orc warrior attacks as you move away!
The orc warrior completely misses you.
The orc warrior attacks as you move away!
The orc warrior hits you with a +3 battleaxe of electrocution!!
* * * LOW HITPOINT WARNING * * *
You are electrocuted!
You die...

#####.##.##.# ..#
#.##.##.# ..#
#.##....## ...#
#.##.#..o## #o.
#.##.##.#.##.#
#.##.##o##.o#
#.##.##.####### #.#
#o....... #.#
#@.#####. #.# #.##
#.# ... #.#
#########.
###.####.........
##........<..#
##..######.##......
##....# #.# #####
#≈....# #.#


You could see an orc warrior and 2 orcs.

Vanquished Creatures
  An ogre (D:4)
  A hound (D:3)
  Crazy Yiuf (D:2)
  Terence (D:2)
  An orc wizard (D:3)
  3 adders
  2 dart slugs
  5 orcs
  5 ball pythons
  An endoplasm (D:2)
  A giant cockroach (D:1)
  6 goblins
  5 hobgoblins
  2 jackals (D:3)
  6 kobolds
  3 quokkas
  5 bats
  2 frilled lizards (D:1)
  9 rats
60 creatures vanquished.

Vanquished Creatures (others)
  2 jellies (D:4)
  A goblin (D:2)
3 creatures vanquished.

Grand Total: 63 creatures vanquished

Notes
Turn   | Place    | Note
-------+----------+-------------------------------------------
     0 | D:1      | eliilek the Minotaur Fighter began the quest for the Orb.
     0 | D:1      | Reached XP level 1. HP: 19/19 MP: 0/0
   102 | D:1      | Reached XP level 2. HP: 25/27 MP: 1/1
   290 | D:1      | You fall into a shaft and drop 1 floor!
   371 | D:2      | Reached skill level 4 in Shields
   454 | D:2      | Reached XP level 3. HP: 33/33 MP: 2/2
   599 | D:1      | Found a faded altar of an unknown god.
   615 | D:1      | Prayed at the altar of an unknown god.
   615 | D:1      | Became a worshipper of Jiyva Jyrph the Shapeless
   615 | D:1      | Reached * piety under Jiyva
  1017 | D:2      | Noticed Terence
  1026 | D:2      | Killed Terence
  1027 | D:2      | Reached skill level 1 in Ranged Weapons
  1027 | D:2      | Reached XP level 4. HP: 40/40 MP: 3/3
  1084 | D:2      | Reached ** piety under Jiyva
  1497 | D:2      | Found a runed translucent door.
  1498 | D:2      | Noticed Crazy Yiuf
  1505 | D:2      | Killed Crazy Yiuf
  1515 | D:2      | Identified the +2 hammer "Qaokice" {drain, Str+5}
  1711 | D:3      | Reached XP level 5. HP: 47/47 MP: 4/4
  1857 | D:3      | Reached skill level 5 in Shields
  2285 | D:4      | Found a staircase to the Ecumenical Temple.
  2404 | D:4      | Noticed an ogre
  2441 | D:4      | Killed an ogre
  2442 | D:4      | Reached XP level 6. HP: 48/53 MP: 5/5
  2472 | D:4      | Noticed an orc warrior
  2488 | D:4      | Mangled by an orc warrior

Illustrated notes

Levels and vault maps discovered:
D:1:      scummos_arrival_simple_crosswalls, layout_basic,
          shapermc_ecumenical_altar_mp_urbaneastern
D:2:      layout_basic, corexii_shack, minmay_misc_feat_nine_boxes,
          minmay_cut_off, uniq_crazy_yiuf_cottage, uniq_terence
D:3:      layout_rooms, minmay_misc_feat_rows, minivault_24,
          chequers_serial_rivers_marsh
D:4:      layout_loops_ring, nicolae_dithmenos_shadow_blocks,
          nicolae_tso_carved_into_rock, minmay_temple_entry_fiery,
          guppyfry_early_orc_mine

Skill      XL: |  1  2  3  4  5 |
---------------+----------------+-----
Maces & Flails | 3 4 |  4.5
Shields        | 4 5 |  5.3
Fighting       | 4 |  4.6
Armour         | 4 |  4.5
Ranged Weapons | 1 2 |  2.2

Action                     |  1- 3 |  4- 6 || total
---------------------------+-------+-------++-------
  Melee: Whip              |    56 |     9 ||    65
         Flail             |     8 |       ||     8
         Headbutt          |     8 |     5 ||    13
         Unarmed           |     6 |       ||     6
         Mace              |       |    35 ||    35
   Fire: Sling             |    28 |    22 ||    50
    Use: Potion            |       |     1 ||     1
 Armour: Scale mail        |    13 |       ||    13
         Skin              |     1 |       ||     1
         Chain mail        |       |    12 ||    12
  Dodge: Dodged            |    35 |    13 ||    48
  Block: Buckler           |     9 |     9 ||    18
